 Dungeon Crawl Stone Soup version 0.28-a0-172-g787e458d71 (webtiles) character file.

Game seed: 15167307045180964519

15022 frimble the Blocker (level 11, 0/124 HPs)
             Began as a Minotaur Warper on Aug 17, 2021.
             Slain by a sixfirhy (2 damage)
             ... in a Gauntlet.
             The game lasted 00:16:37 (13051 turns).

frimble the Blocker (Minotaur Warper)              Turns: 13051, Time: 00:16:37

Health: 0/124      AC: 25    Str: 15    XL:     11   Next: 96%
Magic:  13/13      EV:  2    Int: 12    God:
Gold:   529        SH: 12    Dex: 16    Spells: 12/14 levels left

rFire   . . .      SeeInvis .   N - +1 scimitar (flame)
rCold   . . .      Faith    .   j - +0 buckler
rNeg    + + +      Spirit   .   (armour currently unavailable)
rPois   +          Reflect  +   (helmet currently unavailable)
rElec   .          Harm     .   (cloak currently unavailable)
rCorr   .          Rampage  .   (gloves currently unavailable)
Will    +....      NoTele   +   (boots currently unavailable)
Stlth   +.........              K - amulet "Vucolil" {Reflect Regen+ Dex+4 SH+5}
HPRegen 1.30/turn               f - +4 ring of evasion
MPRegen 0.13/turn               A - ring of willpower

@: tree-form, very slightly contaminated, invisible
A: stationary, stasis, torment immunity, boosted hp, (horns 2), (retaliatory
headbutt), (talons 1), wild magic 1
a: no special abilities


You were in a Gauntlet.
You were a tree.
You visited 1 branch of the dungeon, and saw 11 of its levels.
You also visited: Gauntlet.

You collected 565 gold pieces.
You spent 36 gold pieces at shops.

Inventory:

Hand Weapons
 g - the +5 war axe of Tippiuga {vorpal, rPois}
   (You found it on level 5 of the Dungeon)

   It inflicts extra damage upon your enemies.
   rPois:     It protects you from poison.
 r - a +1 falchion of flaming
 N - a +1 scimitar of flaming (weapon)
Missiles
 d - 4 boomerangs of dispersal
 k - 15 boomerangs
 y - 74 poisoned darts (quivered)
 L - 4 silver javelins
Armour
 b - a +2 cloak (melded)
 j - a +0 buckler (worn)
 q - a +1 pair of gloves (melded)
 E - a +1 pair of boots (melded)
 Q - a +0 troll leather armour (melded)
Jewellery
 f - a +4 ring of evasion (left branch)
 A - a ring of willpower (right branch)
 G - an amulet of magic regeneration
 J - a ring of protection from cold
 K - the amulet "Vucolil" (around neck) {Reflect Regen+ Dex+4 SH+5}
   (You acquired it on level 9 of the Dungeon)

   [amulet of reflection]

   It reflects blocked missile attacks.
   Dex:       It affects your dexterity (+4).
   Regen:     It increases your rate of health regeneration.
   SH:        It affects your SH (+5).
 M - a ring of poison resistance
Wands
 a - a wand of polymorph (6)
 B - a wand of digging (5)
 I - a wand of iceblast (14)
Scrolls
 c - 3 scrolls of blinking
 e - 3 scrolls of immolation
 m - 3 scrolls of magic mapping
 n - 4 scrolls of teleportation
 s - a scroll of noise {unknown}
 D - 2 scrolls of identify
 O - a scroll of enchant weapon {unknown}
Potions
 h - a potion of cancellation
 l - a potion of mutation
 o - 2 potions of lignification
 p - 2 potions of magic
 u - 2 potions of curing
 x - 5 potions of flight {unknown}
 z - 3 potions of attraction
 C - 3 potions of might
 F - 4 potions of brilliance {unknown}
 H - 2 potions of ambrosia {unknown}
 P - 3 potions of berserk rage {unknown}


   Skills:
 + Level 3.9 Fighting
 + Level 9.5 Long Blades
 - Level 5.8 Axes
 + Level 9.3 Throwing
 - Level 2.0 Armour
 + Level 10.3 Dodging
 + Level 10.8 Shields
 - Level 2.0 Spellcasting
 - Level 5.0 Translocations


You had 12 spell levels left.
You knew the following spells:

 Your Spells              Type           Power      Damage    Failure   Level
a - Blink                 Tloc           N/A        N/A       9%          2

Your spell library contained the following spells:

 Spells                   Type           Power      Damage    Failure   Level
 Gell's Gravitas          Tloc           8%         N/A       16%         3
 Lesser Beckoning         Tloc           8%         N/A       16%         3
 Teleport Other           Tloc           17%        N/A       16%         3
 Portal Projectile        Hex/Tloc       18%        N/A       36%         3
 Slow                     Hex            1%         N/A       47%         2
 Call Canine Familiar     Summ           1%         N/A       71%         3
 Confusing Touch          Hex            1%         N/A       71%         3
 Vampiric Draining        Necr           0%         2d6       71%         3
 Manifold Assault         Tloc           17%        N/A       75%         5
 Leda's Liquefaction      Hex/Erth       0%         N/A       97%         4
 Storm Form               Tmut/Air       0%         N/A       100%        7
 Borgnjor's Revivificati  Necr           0%         N/A       100%        8
 Necromutation            Tmut/Necr      0%         N/A       100%        8
 Death's Door             Necr           0%         N/A       100%        9


Dungeon Overview and Level Annotations

Branches:
Dungeon (11/15)            Temple (0/1) D:5            Lair (0/6) D:10
    Orc (0/2) D:11        Gauntlet (1/1)

Altars:
Ashenzari
Cheibriados
Dithmenos
Elyvilon
Fedhas
Makhleb
Okawaru
Ru
Sif Muna
Uskayaw
Vehumet
Yredelemnul
Zin

Shops:
D:5 *

Portals:
Trove: D:10 (give +5 demon trident)

Annotations:
D:3 exclusion: oklob plant
D:10 Harold, Psyche Gauntlet 11 transporters


Innate Abilities, Weirdness & Mutations

You are a tree.
Your roots penetrate the ground, keeping you stationary.
You cannot be teleported.
You are immune to unholy pain and torment.
Your maximum health is greatly increased.
Your equipment is partially melded.
((You have a pair of horns on your head.))
((You reflexively headbutt those who attack you in melee.))
((You have sharp toenails.))
Your spells are a little harder to cast, but a little more powerful.


Message History

Okay, then.
It was a potion of curing.
You feel better.
The sixfirhy hits you but does no damage.
You block the sixfirhy's attack. x2; The ufetubus completely misses you.
You riposte.
You closely miss the ufetubus.
The ufetubus hits you but does no damage.
The sixfirhy hits you.
* * * LOW HITPOINT WARNING * * *
The sixfirhy shocks you!
* * * LOW HITPOINT WARNING * * *
It was a potion of invisibility.
You fade into invisibility!
You block the sixfirhy's attack. x2
The sixfirhy hits you but does no damage.
You block the ufetubus's attack.
The ufetubus hits you but does no damage.
The sixfirhy barely misses you.
The ufetubus hits you but does no damage. x2
You are very lightly contaminated with residual magic.
You miss the sixfirhy.
The ufetubus hits you but does no damage. x2
You miss the sixfirhy. The ufetubus hits you.
* * * LOW HITPOINT WARNING * * *
You block the ufetubus's attack.
The ufetubus hits you but does no damage. x2
You barely miss the sixfirhy. You block the sixfirhy's attack.
You block the ufetubus's attack.
The ufetubus hits you but does no damage.
You hit the sixfirhy. You burn the sixfirhy.
The sixfirhy is lightly wounded.
You block the sixfirhy's attack. x2
The sixfirhy hits you but does no damage. x2
You miss the sixfirhy.
The sixfirhy is lightly wounded.
The sixfirhy hits you.
* * * LOW HITPOINT WARNING * * *
The sixfirhy shocks you!
* * * LOW HITPOINT WARNING * * *
The sixfirhy hits you.
You die...

#..###########...######
###≈.............≈§§.....
#8#∩...∩........§8≈......
###≈.............§.§.....
#..###########...######
###..#........3#...#.....
#8#..#...###..5#...#.##..
###..#535.#....#####Z.##.
#..#.#♣©#..#=#...#...#.
###.©#.######.©#©.©#....©
#8#..#.#..#..#?#...#...#.
###..#....#....#####..##.
#..#...###...#...#B##..
###..#.........#.8.#BZZZ.
#8#..###########...######
###......................
#≈.....................


You could see a sixfirhy and 2 ufetubi.

Vanquished Creatures
  Erica (D:8)
  2 two-headed ogres
  5 death yaks
  A deep elf pyromancer (D:9)
  Pikel (D:9)
  A gargoyle (D:10)
  An unseen horror (D:10)
  2 trolls
  Grinder (D:4)
  A hornet (D:10)
  A meliai zombie (D:11)
  A shadow (D:10)
  A wraith (D:10)
  12 yaks
  3 steam dragons
  2 vampire mosquitoes (D:7)
  2 acid dragons (D:8)
  Duvessa (D:4)
  5 orc warriors
  A black bear (D:4)
  2 sky beasts (D:7)
  3 ogres
  3 necrophages
  2 ice beasts
  A phantom (D:5)
  A lemure (D:9)
  Blork the orc (D:5)
  A kobold brigand (D:8)
  A gnoll sergeant (D:9)
  4 bullfrogs
  A scorpion (D:5)
  A wyvern zombie (D:9)
  Dowan (D:4)
  A wyvern skeleton (D:6)
  19 killer bees
  2 howler monkeys (D:8)
  A bullfrog zombie (D:5)
  3 centaur zombies
  6 orc priests
  3 hounds
  4 jellies
  Crazy Yiuf (D:4)
  2 gnoll shamans
  3 centaur skeletons
  Natasha (thrice) (D:4)
  5 iguanas
  14 orc wizards
  A killer bee zombie (D:6)
  9 gnolls (D:6)
  9 adders
  A shadow imp (D:5)
  A white imp (D:8)
  4 ufetubi
  An adder skeleton (D:4)
  A dart slug (D:1)
  53 orcs
  6 ball pythons
  5 endoplasms
  3 giant cockroaches
  8 hobgoblins
  10 kobolds
  6 quokkas
  4 bats
  3 frilled lizards
  5 goblins
  5 rats
269 creatures vanquished.

Vanquished Creatures (others)
  An orc (D:7)
  A demonic plant (Gauntlet)
  2 fungi (D:4)
  9 toadstools (D:3)
13 creatures vanquished.

Grand Total: 282 creatures vanquished

Notes
Turn   | Place    | Note
-------+----------+-------------------------------------------
     0 | D:1      | frimble the Minotaur Warper began the quest for the Orb.
     0 | D:1      | Reached XP level 1. HP: 18/18 MP: 1/1
   253 | D:1      | Found a faded altar of an unknown god.
   371 | D:1      | Reached XP level 2. HP: 22/25 MP: 3/3
   423 | D:1      | Learned a level 2 spell: Blink
  1174 | D:2      | Reached XP level 3. HP: 29/30 MP: 4/4
  1941 | D:2      | Reached XP level 4. HP: 10/38 MP: 5/5
  2241 | D:3      | Reached skill level 1 in Shields
  2884 | D:3      | Found a broken altar of Ashenzari.
  3050 | D:3      | Found a blossoming altar of Fedhas.
  3072 | D:3      | Noticed an oklob plant
  3566 | D:4      | Reached XP level 5. HP: 45/45 MP: 6/6
  3824 | D:4      | Noticed Grinder
  3828 | D:4      | Noticed Natasha
  3832 | D:4      | Killed Grinder
  3833 | D:4      | Reached XP level 6. HP: 44/51 MP: 8/8
  3840 | D:4      | Killed Natasha
  4132 | D:4      | Reached XP level 7. HP: 28/57 MP: 9/9
  4312 | D:4      | Noticed Natasha
  4318 | D:4      | Killed Natasha
  4917 | D:4      | Noticed Dowan
  4918 | D:4      | Noticed Duvessa
  4943 | D:5      | Entered Level 5 of the Dungeon
  5175 | D:5      | Reached skill level 5 in Long Blades
  5236 | D:5      | Reached XP level 8. HP: 63/63 MP: 10/10
  5241 | D:5      | Found a staircase to the Ecumenical Temple.
  5242 | D:5      | Noticed Blork the orc
  5261 | D:5      | Killed Blork the orc
  5482 | D:5      | Reached skill level 5 in Dodging
  5597 | D:5      | Found Zeagget's General Store.
  5604 | D:5      | Bought a potion of attraction for 36 gold pieces
  5983 | D:5      | Identified the +5 war axe of Tippiuga {vorpal, rPois}
  6225 | D:4      | Reached skill level 5 in Shields
  6351 | D:4      | Found a runed translucent door.
  6352 | D:4      | Noticed Crazy Yiuf
  6354 | D:4      | Noticed Natasha
  6389 | D:4      | Found an iron altar of Okawaru.
  6396 | D:4      | Reached skill level 1 in Axes
  6501 | D:4      | Killed Duvessa
  6504 | D:4      | Killed Dowan
  6761 | D:4      | Killed Natasha
  6763 | D:4      | Killed Crazy Yiuf
  7076 | D:6      | Reached skill level 5 in Throwing
  7134 | D:6      | Reached XP level 9. HP: 59/70 MP: 11/11
  7661 | D:6      | Found a hide-covered altar of Uskayaw.
  7839 | D:6      | Found a burning altar of Makhleb.
  7958 | D:7      | Reached skill level 5 in Translocations
  8109 | D:7      | Noticed a troll
  8122 | D:7      | Killed a troll
  8366 | D:7      | Reached skill level 5 in Axes
  8485 | D:7      | Found a shimmering blue altar of Sif Muna.
  8816 | D:8      | Noticed Erica
  8820 | D:8      | Reached XP level 10. HP: 60/77 MP: 12/12
  8822 | D:8      | Killed Erica
  9302 | D:8      | Found a glowing silver altar of Zin.
  9860 | D:8      | Found a shadowy altar of Dithmenos.
 10128 | D:9      | Noticed Pikel
 10137 | D:9      | Killed Pikel
 10165 | D:9      | Noticed a deep elf pyromancer
 10174 | D:9      | Killed a deep elf pyromancer
 10832 | D:9      | Found a radiant altar of Vehumet.
 10862 | D:9      | Reached XP level 11. HP: 78/82 MP: 13/13
 10874 | D:9      | Identified a scroll of acquirement
 10874 | D:9      | Acquired the amulet "Vucolil" {Reflect Regen+ Dex+4 SH+5}
 11046 | D:9      | Noticed a two-headed ogre
 11055 | D:9      | Killed a two-headed ogre
 11143 | D:10     | Entered Level 10 of the Dungeon
 11520 | D:10     | Found a sacrificial altar of Ru.
 11601 | D:10     | Noticed a two-headed ogre
 11638 | D:10     | Killed a two-headed ogre
 11684 | D:10     | Found a white marble altar of Elyvilon.
 11781 | D:10     | Found a snail-covered altar of Cheibriados.
 11781 | D:10     | Found a basalt altar of Yredelemnul.
 11803 | D:10     | Found a staircase to the Lair.
 11803 | D:10     | Noticed a death yak
 11803 | D:10     | Noticed a death yak
 11814 | D:10     | Noticed a death yak
 11816 | D:10     | Noticed a death yak
 11817 | D:10     | Noticed a death yak
 11818 | D:10     | Killed a death yak
 11819 | D:10     | Reached skill level 10 in Shields
 11860 | D:9      | Killed a death yak
 11936 | D:9      | Killed a death yak
 11952 | D:9      | Killed a death yak
 11953 | D:9      | Reached skill level 10 in Dodging
 12034 | D:10     | Killed a death yak
 12380 | D:10     | Noticed Psyche
 12381 | D:10     | Noticed Harold
 12516 | D:10     | Found a portal to a secret trove of treasure.
 12807 | D:11     | Found a gate leading to a gauntlet.
 12825 | Gauntlet | Entered a Gauntlet
 12825 | Gauntlet | Found a transporter.
 12825 | Gauntlet | Found a transporter.
 12825 | Gauntlet | Found a transporter.
 12825 | Gauntlet | Found a transporter.
 12825 | Gauntlet | Noticed a sixfirhy
 12829 | Gauntlet | Found a transporter.
 12829 | Gauntlet | Found a transporter.
 12839 | Gauntlet | Found a transporter.
 12839 | Gauntlet | Noticed a death scarab
 12839 | Gauntlet | Noticed a hell beast
 12843 | Gauntlet | Found a transporter.
 12853 | Gauntlet | Found a transporter.
 12955 | Gauntlet | Noticed a death scarab
 12959 | Gauntlet | Found a transporter.
 12961 | Gauntlet | Found a transporter.
 12969 | Gauntlet | Found a transporter.
 12981 | Gauntlet | Noticed a balrug
 13025 | Gauntlet | Gained mutation: You have sharp toenails. [potion of
                  | mutation]
 13025 | Gauntlet | Gained mutation: Your spells are a little harder to cast,
                  | but a little more powerful. [potion of mutation]
 13051 | Gauntlet | HP: 2/124 [sixfirhy (12)]
 13051 | Gauntlet | Slain by a sixfirhy

Illustrated notes

Levels and vault maps discovered:
D:1:      wander_arrival_peaceful_grave, layout_loops_corners,
          hellmonk_ecumenical_altar_crossroads
D:2:      layout_basic
D:3:      layout_loops_ring, tgw_fedhas, nicolae_overflow_crystal_walls
D:4:      minmay_thick_lines, layout_cave_pools, kennysheep_little_box,
          minmay_misc_feat_more_columns, uniq_crazy_yiuf_cottage, uniq_natasha,
          uniq_grinder, uniq_duvessa
D:5:      layout_rooms, minmay_temple_entry_mist, serial_shops, shop,
          uniq_blork_the_orc
D:6:      layout_cave_pools, lightli_temple_of_fire, overflow_temple_1_default
D:7:      layout_cave_pools, nicolae_sif_muna_little_library,
          nicolae_benzene_ring
D:8:      layout_loops_ring, kennysheep_mini, lemuel_doored_altar,
          water_boxes_lemuel, uniq_erica
D:9:      layout_rooms, mainiacjoe_overflow_small_starburst, grunt_ministairs_4,
          kennysheep_generic_room_2, uniq_pikel
D:10:     layout_long_grid, gammafunk_temple_overflow_elements,
          nicolae_overflow_hidden_temple, kennysheep_mini_moat,
          dpeg_lair_monsters, nicolae_trove_entry_crystal, uniq_psyche,
          uniq_harold
D:11:     layout_basic, orc_david_3, gauntlet_entry_generic
Gauntlet: gammafunk_gauntlet_hard_choice [nicolae_gauntlet_arena_t_cross,
          gammafunk_gauntlet_arena_open, gammafunk_gauntlet_arena_split_x,
          nicolae_gauntlet_arena_quarters, gammafunk_gauntlet_arena_mazey,
          gammafunk_gauntlet_arena_grid, gauntlet_exit_hidden_loot]

Skill      XL: |  1  2  3  4  5  6  7  8  9 10 11 |
---------------+----------------------------------+-----
Fighting       | 3 |  3.9
Long Blades    | 3 4 5 7 9 |  9.5
Armour         | 2 |  2.0
Shields        | 1 2 3 4 5 7 9 10 | 10.8
Dodging        | 3 4 5 7 8 10 | 10.3
Throwing       | 2 3 4 5 6 8 9 |  9.3
Spellcasting   | 2 |  2.0
Translocations | 3 4 5 |  5.0
Axes           | 2 5 |  5.8

Action                   |  1- 3 |  4- 6 |  7- 9 | 10-12 || total
-------------------------+-------+-------+-------+-------++-------
Melee: Falchion          |    66 |   110 |    81 |       ||   257
       Headbutt          |    12 |    11 |    40 |   107 ||   170
       War axe           |       |       |   168 |       ||   168
       Scimitar          |       |       |       |   497 ||   497
Throw: Dart              |       |     4 |    26 |    23 ||    53
       Boomerang         |       |     1 |       |       ||     1
 Cast: Blink             |       |       |     4 |     1 ||     5
Evoke: Wand              |       |     1 |     1 |     5 ||     7
  Use: Potion            |       |     1 |       |     7 ||     8
       Scroll            |       |       |     8 |     2 ||    10
 Stab: Paralysed         |       |     4 |       |       ||     4
Armor: Leather armour    |    12 |    24 |    17 |       ||    53
       Robe              |       |       |    33 |    28 ||    61
       Troll leather arm |       |       |       |    65 ||    65
       Skin              |       |       |       |    46 ||    46
Dodge: Dodged            |    51 |   105 |   239 |   367 ||   762
       Repelled          |       |       |     1 |       ||     1
Block: Buckler           |       |       |    59 |   277 ||   336
       Reflection        |       |       |       |     3 ||     3
       Rpst.: Falchion   |    18 |    17 |    15 |       ||    50
       Scimitar          |       |       |       |    80 ||    80

Table legend: (Time is in decaauts)
 A = Elapsed time spent in this place.
 B = Non-inter-level travel time spent in this place.
 C = Inter-level travel time spent in this place.
 D = Time resting spent in this place.
 E = Time spent auto-exploring this place.
 F = Levels seen in this place.
 G = Mean time per level.
                   A        B        C        D        E       F      G
               +--------+--------+--------+--------+--------+-----+--------+
         Total |  13160 |  12543 |    617 |    292 |   9980 |  12 | 1096.7 |
       Dungeon |  12935 |  12318 |    617 |    292 |   9829 |  11 | 1175.9 |
      Gauntlet |    224 |    224 |      0 |      0 |    151 |   1 |  224.0 |
               +--------+--------+--------+--------+--------+-----+--------+

Top non-repeatable levels by time:
     D:4: 2206 daAuts
     D:8: 1814 daAuts
     D:2: 1492 daAuts
     D:5: 1224 daAuts
     D:3: 1175 daAuts
    D:10: 1099 daAuts
     D:9: 986 daAuts
     D:7: 976 daAuts
     D:1: 976 daAuts
     D:6: 908 daAuts
Gauntlet: 224 daAuts
    D:11: 75 daAuts
